 Dungeon Crawl Stone Soup version 0.30.0-15-g856e2d3f33 (webtiles) character file.

Game seed: 3807260576774002627

585 javelincjr the Sneak (level 7, -2/41 HPs)
             Began as an Octopode Conjurer on May 19, 2023.
             Constricted to death by Duvessa (5 damage)
             ... on level 5 of the Dungeon.
             The game lasted 00:26:04 (5226 turns).

javelincjr the Sneak (Octopode Conjurer)            Turns: 5226, Time: 00:26:04

Health: -2/41      AC:  1    Str:  6    XL:     7   Next: 37%
Magic:  3/13       EV: 11    Int: 23    God:
Gold:   274        SH:  0    Dex: 10    Spells: 11/14 levels left

rFire   + . .        n - +2 dagger (speed)
rCold   x . .        (no shield)
rNeg    . . .        (helmet restricted)
rPois   .            (no amulet)
rElec   .            r - ring of fire
rCorr   .            (no ring)
SInv    .            (no ring)
Will    .....        (no ring)
Stlth   ++++         (no ring)
HPRegen 0.26/turn    (no ring)
MPRegen 0.13/turn    (no ring)
                     (no ring)

%: no passive effects
@: grasped by roots, hasted, constricted, very quick
A: almost no armour, amphibious, 8 rings, camouflage 1, gelatinous body 1,
(nimble swimmer 1), tentacles
a: no special abilities


You were on level 5 of the Dungeon.
You visited 1 branch of the dungeon, and saw 5 of its levels.
You also visited: Sewer.

You collected 274 gold pieces.

Inventory:

Hand Weapons
 d - a +0 short sword
 e - a +0 dagger of draining
 n - a +2 dagger of speed (weapon)
Missiles
 a - 43 poisoned darts
Magical Staves
 y - a staff of death
Jewellery
 r - a ring of fire (left tentacle)
Scrolls
 b - a scroll of brand weapon {unknown}
 c - 6 scrolls of identify {unknown}
 g - 2 scrolls of immolation
 h - 2 scrolls of summoning {unknown}
 k - 3 scrolls of teleportation {unknown}
 l - 2 scrolls of blinking {unknown}
 o - a scroll of enchant weapon {unknown}
 p - a scroll of amnesia {unknown}
 v - a scroll of magic mapping {unknown}
 x - a scroll of poison {unknown}
Potions
 f - 2 potions of haste
 i - 3 potions of might
 j - 3 potions of flight {unknown}
 m - a potion of cancellation {unknown}
 q - a potion of lignification {unknown}
 s - a potion of attraction {unknown}
 t - a potion of brilliance
 u - 2 potions of curing {unknown}
 w - 2 potions of degeneration {unknown}


   Skills:
 + Level 4.2 Dodging
 + Level 6.0 Stealth
 + Level 4.0 Spellcasting
 + Level 5.5 Conjurations


You had 11 spell levels left.
You knew the following spells:

 Your Spells              Type           Power      Damage    Failure   Level
a - Magic Dart            Conj           100%       1d8       1%          1
b - Searing Ray           Conj           60%        2d6       1%          2

Your spell library contained the following spells:

 Spells                   Type           Power      Damage    Failure   Level
 Dazzling Flash           Conj/Hex       34%        N/A       10%         3
 Ensorcelled Hibernation  Hex/Ice        8%         N/A       16%         2
 Spider Form              Tmut/Pois      4%         N/A       30%         3
 Tukima's Dance           Hex            4%         N/A       30%         3
 Fulminant Prism          Conj/Hex       8%         3d6       32%         4
 Iskenderun's Mystic Bla  Conj/Tloc      17%        2d5       32%         4
 Anguish                  Hex/Necr       2%         N/A       71%         4
 Passage of Golubria      Tloc           4%         N/A       71%         4
 Yara's Violent Unravell  Hex/Tmut       2%         3d3       96%         5


Dungeon Overview and Level Annotations

Branches:
Dungeon (5/15)              Sewer (visited)
 Temple: D:4-7

Altars:
Gozag
Ru

Shops:
D:3 [*[

Annotations:
D:5 Dowan, Duvessa


Innate Abilities, Weirdness & Mutations

You cannot wear most types of armour.
You are amphibious.
You can wear up to eight rings at the same time.
Your skin changes colour to match your surroundings (Stealth+).
Your rubbery body absorbs attacks. (AC +1, EV +1)
((You are camouflaged when in or above water. (Stealth+)))
You have tentacles for arms and can constrict up to eight enemies at once.


Message History

Duvessa is moderately wounded.
You finish channelling your searing ray.
Duvessa completely misses you.
Casting: Searing Ray (safe; 1% risk of failure)
Confirm with . or Enter, or press ? or * to list all spells.
Aiming: Searing Ray (safe; 1% risk of failure)
Press: ? - help, Shift-Dir - straight line, f/p - Duvessa
Aim: Duvessa, wielding a +0 rapier, wearing a +0 leather armour and carrying a wand of roots (2) (moderately wounded, 82% to hit)
The searing ray hits Duvessa.
Duvessa is heavily wounded. (Press . to maintain the ray.) Duvessa zaps a wand.
The roots erupt in riotous growth!
The grasping roots grab you!
Duvessa is unaffected.
The grasping roots constrict you.
Dowan shouts!
The orc shouts!
You hear a shout!
The searing ray hits Duvessa!
Duvessa is severely wounded.
Dowan casts a spell.
Dowan blinks!
Duvessa closely misses you. The grasping roots constrict you.
The searing ray hits Duvessa.
Duvessa is severely wounded.
The searing ray hits Dowan!
Dowan is moderately wounded.
Dowan mumbles some strange words.
Dowan blinks!
Duvessa barely misses you. The grasping roots constrict you!
The searing ray hits Duvessa!
Duvessa is almost dead.
You finish channelling your searing ray.
Dowan drinks a potion.
Dowan's spells are empowered!
Duvessa hits you with a +0 rapier!
* * * LOW HITPOINT WARNING * * *
The grasping roots constrict you.
* * * LOW HITPOINT WARNING * * *
The grasping roots release their grip on you.
It was a potion of haste.
You feel yourself speed up.
Duvessa zaps a wand.
The roots erupt in riotous growth!
The grasping roots grab you!
Dowan is unaffected.
Duvessa is unaffected.
The now-empty wand crumbles to dust.
The grasping roots constrict you.
You die...

##..##
#......#
#..##
#.....##
##..#
......#
#..##
......#
##.##
##....#
##..#
.....
#...#
#...##
#..e@#
###.e##
##..##
##.o##
##..# #..#
#..# #).#
.........#


You could see Duvessa, Dowan (empowered) and an orc.

Vanquished Creatures
  5 kobold brigands (Sewer)
  An iguana (D:4)
  An orc wizard (D:4)
  8 adders
  3 worms
  3 dart slugs
  9 orcs
  10 ball pythons
  9 endoplasms
  3 giant cockroaches
  3 goblins
  5 hobgoblins
  6 jackals
  4 quokkas
  3 bats
  3 frilled lizards
  22 kobolds
  8 rats
106 creatures vanquished.

Notes
Turn   | Place    | Note
-------+----------+-------------------------------------------
     0 | D:1      | javelincjr the Octopode Conjurer began the quest for the
                  | Orb.
     0 | D:1      | Reached XP level 1. HP: 11/11 MP: 3/3
   312 | D:1      | Reached skill level 3 in Stealth
   380 | D:1      | Reached XP level 2. HP: 17/17 MP: 3/5
  1062 | D:2      | Learned a level 2 spell: Searing Ray
  1102 | D:2      | Reached XP level 3. HP: 21/21 MP: 0/6
  1554 | D:2      | Found a sacrificial altar of Ru.
  1817 | D:3      | Found an opulent altar of Gozag.
  1818 | D:3      | Found Gozag's Platinum Reserve.
  1863 | D:3      | Found Myapruh's Antique Armour Boutique.
  1942 | D:3      | Found a glowing drain.
  2013 | Sewer    | Entered a sewer
  2042 | Sewer    | Noticed a kobold brigand
  2042 | Sewer    | Noticed a kobold brigand
  2056 | Sewer    | Killed a kobold brigand
  2057 | Sewer    | Reached skill level 4 in Stealth
  2057 | Sewer    | Reached XP level 4. HP: 21/27 MP: 3/8
  2057 | Sewer    | Reached XP level 5. HP: 24/31 MP: 3/9
  2067 | Sewer    | Killed a kobold brigand
  2411 | Sewer    | Noticed a kobold brigand
  2411 | Sewer    | Noticed a kobold brigand
  2414 | Sewer    | Noticed a kobold brigand
  2420 | Sewer    | Killed a kobold brigand
  2421 | Sewer    | Reached skill level 5 in Stealth
  2421 | Sewer    | Reached skill level 5 in Conjurations
  2421 | Sewer    | Reached XP level 6. HP: 30/36 MP: 0/11
  2911 | D:3      | Found a faded altar of an unknown god.
  2958 | D:3      | Reached XP level 7. HP: 41/41 MP: 4/12
  3368 | D:3      | Found Yghecysch's Armour Shoppe.
  4168 | D:4      | Identified the +0 robe of Yjoc {Int+5}
  5028 | D:4      | Reached skill level 6 in Stealth
  5170 | D:5      | Entered Level 5 of the Dungeon
  5205 | D:5      | Noticed Duvessa
  5205 | D:5      | Noticed Dowan
  5226 | D:5      | Constricted to death by Duvessa

Illustrated notes

Levels and vault maps discovered:
D:1:      minmay_arrival_arboretum_small, layout_loops_ring,
          nicolae_figureground_sparkle
D:2:      layout_basic, basic_altar
D:3:      layout_loops_corners, nicolae_gozag_zags_fifth_avenue, serial_shops,
          shop, shop, hellmonk_ecumenical_altar_blasted,
          cheibrodos_sewer_entry_drain, corexii_leaking_fountain,
          minmay_increasing_density
D:4:      layout_loops_ring, kennysheep_opposing_triangles
D:5:      layout_layer_cave, minmay_temple_entry_waves, nicolae_goblin_pals,
          uniq_blork_the_orc, uniq_duvessa, uniq_prince_ribbit1

Skill      XL: |  1  2  3  4  5  6  7 |
---------------+----------------------+-----
Stealth        | 3 4 5 6 |  6.0
Dodging        | 3 4 |  4.2
Spellcasting   | 3 4 |  4.0
Conjurations   | 5 |  5.5

Action                     |  1- 3 |  4- 6 |  7- 9 || total
---------------------------+-------+-------+-------++-------
  Melee: Short sword       |     6 |     3 |       ||     9
         Unarmed           |     4 |       |       ||     4
         Tentacles         |     1 |       |     1 ||     2
         Constrict         |     1 |     1 |       ||     2
         Dagger            |       |     2 |     6 ||     8
   Cast: Magic Dart        |    45 |    41 |    63 ||   149
         Searing Ray       |     7 |     7 |    13 ||    27
    Use: Potion            |     1 |     3 |     1 ||     5
   Stab: Sleeping          |     1 |       |     1 ||     2
 Armour: Skin              |       |       |     2 ||     2
  Dodge: Dodged            |    16 |     3 |    13 ||    32
